Map: Blackpink LE

Players

Kaisad - Winner!

  • Race: Protoss Protoss
  • Spawn Location: 7:00

A.I. 1 (Medium)

  • Race: Zerg Zerg
  • Spawn Location: 1:00

VOD

Have the link to the VOD?

Description

Time

  • Played on: March 21, 2018, 3:25 p.m.
  • Length: 7:30
Show
View Real Time Build Order
Export as new Build Order

Kaisad Protoss - Winner!

Build Orders:  

Get SALT Encoding   

  12  0:02  Probe  
  13  0:14  Probe  
  13  0:19  Pylon  
  14  0:26  Probe  
  15  0:32  Assimilator  
  15  0:41  Gateway  
  15  0:44  Probe (Chrono Boost)  
  16  0:56  Probe (Chrono Boost)  
  18  1:04  Probe (Chrono Boost)  
  18  1:08  Pylon  
  18  1:10  Probe  
  19  1:24  Probe  
  20  1:37  Cybernetics Core  
  20  1:49  Nexus  
  20  1:54  Zealot  
  22  2:02  Probe  
  22  2:07  Warp Gate (Chrono Boost)  
  23  2:14  Probe  
  24  2:21  Assimilator  
  24  2:28  Robotics Facility  
  24  2:31  Sentry  
  24  2:33  Probe  
  27  2:45  Probe  
  28  2:53  Pylon  
  28  2:54  Pylon  
  28  2:58  Probe  
  29  3:10  Probe x2  
  31  3:18  Gateway  
  31  3:22  Probe  
  31  3:23  Probe  
  31  3:24  Gateway  
  33  3:34  Probe  
  34  3:35  Probe  
  35  3:44  Immortal  
  35  3:46  Probe  
  40  4:00  Gateway  
  40  4:01  Gateway  
  40  4:05  Forge  
  40  4:08  Probe  
  40  4:09  Probe  
  42  4:20  Probe  
  42  4:21  Probe  
  42  4:22  Immortal (Chrono Boost)  
  44  4:31  Sentry x3  
  50  4:33  Protoss Ground Armor Level 1 (Chrono Boost)  
  54  4:58  Stalker x2  
  58  5:00  Zealot  
  60  5:10  Warp Prism  
  62  5:15  Pylon  
  62  5:20  Pylon  
  62  5:22  Pylon  
  62  5:24  Pylon  
  62  5:25  Pylon  
  62  5:26  Pylon  
  62  5:39  Photon Cannon  
  62  5:44  Stalker x5  
  66  6:13  Zealot x4  
  66  6:14  Pylon, Zealot  
  76  6:39  Zealot x2  
  80  6:40  Zealot x3  
  80  7:00  Stalker x5  
  90  7:16  Stalker x3  
  90  7:17  Stalker x2  
Show
View Real Time Build Order
Export as new Build Order

A.I. 1 (Medium) Zerg 

Build Orders: Pool Only 

Get SALT Encoding   

  12  0:00  Drone  
  13  0:12  Overlord  
  13  0:17  Drone  
  14  0:30  Drone  
  14  0:33  Drone  
  16  0:44  Spawning Pool, Drone  
  16  0:49  Drone  
  17  0:53  Extractor  
  17  0:55  Drone  
  17  1:06  Overlord  
  17  1:31  Zergling x2, Queen  
  20  1:37  Roach Warren  
  20  1:38  Drone  
  20  1:43  Extractor  
  19  1:48  Zergling x2  
  19  1:49  Drone  
  21  2:00  Drone  
  22  2:10  Overlord  
  22  2:21  Roach  
  24  2:38  Lair, Roach  
  26  2:52  Overlord  
  26  2:56  Roach  
  28  3:13  Roach  
  30  3:20  Drone  
  30  3:24  Drone  
  32  3:30  Roach  
  34  3:38  Hydralisk Den  
  34  3:39  Drone  
  34  3:45  Overlord  
  34  3:50  Drone  
  34  3:54  Drone  
  36  3:57  Drone  
  36  4:02  Drone  
  38  4:10  Baneling Nest  
  38  4:11  Hydralisk  
  38  4:15  Drone  
  40  4:20  Evolution Chamber  
  40  4:22  Drone  
  40  4:28  Hydralisk  
  42  4:45  Hydralisk  
  44  5:57  Zergling x2  
  37  6:14  Roach  
  39  6:31  Roach  
  41  6:38  Hydralisk  
  41  6:39  Queen  
  43  6:40  Overlord  
  43  6:45  Hydralisk  
  40  6:52  Overseer x2, Hydralisk  
  25  7:02  Zergling x2  
  25  7:03  Roach Warren  
  25  7:05  Drone, Spore Crawler  
  25  7:07  Spore Crawler  
  16  7:12  Drone x2  
Tags
 
Matchup
PvZ
Opening
Pool Only
Spawn Locations
Cross Positions
Add a new tag
Caveats
  • Supply blocks, unpowered buildings, or Contaminate may cause inaccurate times.
  • Supply counts are checked every 10 seconds.